 Dungeon Crawl Stone Soup version 0.29.1 (webtiles) character file.

Game seed: 9076473538872268062

2333 xian the Skirmisher (level 9, -3/53 HPs)
             Began as a Deep Elf Hunter on Sept 14, 2022.
             Was an Initiate of Gozag.
             Slain by a komodo dragon (27 damage)
             ... on level 8 of the Dungeon.
             The game lasted 00:11:22 (5636 turns).

xian the Skirmisher (Deep Elf Hunter)               Turns: 5636, Time: 00:11:23

Health: -3/53      AC: 10    Str: 12    XL:     9   Next: 19%
Magic:  11/11      EV: 14    Int: 15    God:    Gozag
Gold:   698        SH:  0    Dex: 24    Spells: 8/8 levels left

rFire   + . .      SeeInvis .   a - +0 shortbow
rCold   . . .      Faith    .   (shield currently unavailable)
rNeg    . . .      Spirit   .   u - +1 leather armour {rF+}
rPois   +          Reflect  .   p - +2 helmet "Hyz Ipla" {rPois Regen+ Dex+6}
rElec   .          Harm     .   f - +0 cloak
rCorr   .          Rampage  .   (no gloves)
Will    .....                   C - +1 pair of boots "Zong" {Stlth+}
Stlth   ++++......              j - amulet of regeneration
HPRegen 1.77/turn               m - ring of wizardry
MPRegen 0.12/turn               (no ring)

@: no status effects
A: no striking features
a: Renounce Religion, Potion Petition, Call Merchant, Bribe Branch


You were on level 8 of the Dungeon.
You worshipped Gozag.
Gozag was pleased with you.
You visited 1 branch of the dungeon, and saw 8 of its levels.

You collected 1017 gold pieces.
You spent 270 gold pieces at shops.
You paid 49 gold pieces to Gozag.

Inventory:

Hand Weapons
 a - a +0 shortbow (weapon)
 r - the +3 dagger of Popular Demand {speed, *Noise rElec rN+ rCorr}
   (You found it on level 3 of the Dungeon)

   Attacks with this weapon are significantly faster.
   rElec:     It insulates you from electricity.
   rN:        It protects you from negative energy.
   *Noise:    It may make noises in combat.
   rCorr:     It protects you from acid and corrosion.
Missiles
 q - a throwing net
Armour
 f - a +0 cloak (worn)
 p - the +2 helmet "Hyz Ipla" (worn) {rPois Regen+ Dex+6}
   (You found it on level 3 of the Dungeon)

   Dex:       It affects your dexterity (+6).
   rPois:     It protects you from poison.
   Regen:     It increases your rate of health regeneration.
 u - a +1 leather armour of fire resistance (worn)
 C - the +1 pair of boots "Zong" (worn) {Stlth+}
   (You bought it in a shop on level 7 of the Dungeon)

   Stlth:     It makes you more stealthy.
Jewellery
 j - an amulet of regeneration (around neck)
 m - a ring of wizardry (left hand)
Wands
 t - a wand of light (25)
 w - a wand of iceblast (9)
Scrolls
 b - 3 scrolls of immolation
 d - a scroll of fear
 e - 2 scrolls of poison {unknown}
 h - 2 scrolls of fog {unknown}
 i - 2 scrolls of enchant weapon {unknown}
 k - a scroll of magic mapping
 n - 3 scrolls of identify {unknown}
 o - 4 scrolls of teleportation {unknown}
 s - a scroll of brand weapon {unknown}
 v - a scroll of blinking {unknown}
 A - a scroll of enchant armour {unknown}
Potions
 c - a potion of berserk rage {unknown}
 g - 2 potions of curing {unknown}
 l - a potion of attraction {unknown}
 x - a potion of magic {unknown}
 z - a potion of heal wounds {unknown}
 B - a potion of might {unknown}


   Skills:
 + Level 4.9 Fighting
 + Level 13.6 Ranged Weapons
 + Level 2.6 Armour
 + Level 3.9 Dodging
 + Level 2.9 Stealth


You had 8 spell levels left.
You didn't know any spells.
Your spell library contained the following spells:

 Spells                   Type           Power      Damage    Failure   Level
 Sandblast                Erth           0%         2d4       14%         1
 Passwall                 Tmut/Erth      0%         N/A       21%         2
 Stone Arrow              Conj/Erth      0%         3d7       38%         3


Dungeon Overview and Level Annotations

Branches:
Dungeon (8/15)             Temple (0/1) D:5            Lair (0/5) D:8

Altars:
Ashenzari
Dithmenos
Gozag
Hepliaklqana
Ru
Trog
Uskayaw
Xom
Zin
The Shining One

Shops:
D:7 :[=

Portals:
Bailey: D:8


Message History

A nearby plant withers and dies.
The komodo dragon bites you!
You shoot an arrow.
The arrow closely misses the komodo dragon.
You shoot an arrow. The arrow hits the komodo dragon!
The komodo dragon is heavily wounded.
The komodo dragon barely misses you.
You shoot an arrow.
The arrow hits the komodo dragon but does no damage.
The komodo dragon is heavily wounded.
The komodo dragon completely misses you.
You shoot an arrow. The arrow hits the komodo dragon.
The komodo dragon is heavily wounded.
The komodo dragon bites you!
You shoot an arrow. The arrow hits the komodo dragon.
The komodo dragon is severely wounded.
The komodo dragon bites you!
You are too injured to fight recklessly!
You are too injured to fight recklessly!
You are too injured to fight recklessly!
You are too injured to fight recklessly!
You are too injured to fight recklessly!
You are too injured to fight recklessly!
You are too injured to fight recklessly!
You are too injured to fight recklessly!
You are too injured to fight recklessly!
Fire: a) +0 shortbow
Press: ? - help, Q - select action, (/) - cycle Shift-Dir - straight line, f/p - komodo dragon
Aim: a komodo dragon (severely wounded, 76% to hit)
You shoot an arrow.
The arrow barely misses the komodo dragon.
The komodo dragon bites you but does no damage.
Fire: a) +0 shortbow
Press: ? - help, Q - select action, (/) - cycle Shift-Dir - straight line, f/p - komodo dragon
Aim: a komodo dragon (severely wounded, 76% to hit)
You shoot an arrow.
The arrow barely misses the komodo dragon.
The komodo dragon bites you!!
Ouch! That really hurt!
You die...
Your body crumbles into a pile of gold.

........≈≈~≈≈..#
........≈...≈.#
........~>∩.~.#
........≈(..≈.#
......(.≈≈~≈≈.#
.......(......##
..........###..# ..
##.....#### ##.### ...
##..### ##..@# ....
##..#######...l####....
#.....................
#...................<.
#.....................
#........#####.####...
....
#...########.....####.
.... #)..## #..P......#
.... #....#
#P..PP......# #..


You could see a komodo dragon.

Vanquished Creatures
  A steam dragon (D:6)
  Edmund (D:5)
  A water moccasin (D:6)
  Duvessa (D:4)
  An ice beast (D:6)
  2 black bears (D:7)
  2 ogres
  2 centaurs
  A phantom (D:5)
  A kobold brigand (D:7)
  A bullfrog (D:7)
  A necrophage (D:7)
  3 wights (D:6)
  Dowan (D:4)
  5 killer bees (D:7)
  2 hounds (D:5)
  An orc priest (D:5)
  A gnoll bouda (D:8)
  Terence (D:2)
  2 orc wizards
  2 iguanas
  4 adders
  13 gnolls
  2 white imps (D:5)
  2 ufetubi (D:5)
  2 worms (D:3)
  9 dart slugs
  13 orcs
  10 endoplasms
  5 giant cockroaches
  12 goblins
  10 hobgoblins
  2 jackals (D:2)
  6 kobolds
  9 quokkas
  6 ball pythons
  4 bats
  3 frilled lizards
  4 rats
149 creatures vanquished.

Vanquished Creatures (others)
  4 plants (D:8)
4 creatures vanquished.

Grand Total: 153 creatures vanquished

Notes
Turn   | Place    | Note
-------+----------+-------------------------------------------
     0 | D:1      | xian the Deep Elf Hunter began the quest for the Orb.
     0 | D:1      | Reached XP level 1. HP: 12/12 MP: 3/3
    25 | D:1      | Reached XP level 2. HP: 8/17 MP: 4/4
   609 | D:1      | Reached skill level 6 in Ranged Weapons
   668 | D:1      | Found a faded altar of an unknown god.
   997 | D:1      | Reached XP level 3. HP: 21/21 MP: 5/5
  1214 | D:2      | Reached XP level 4. HP: 11/26 MP: 6/6
  1394 | D:2      | Noticed an ogre
  1403 | D:2      | Killed an ogre
  1404 | D:2      | Reached skill level 7 in Ranged Weapons
  1404 | D:2      | Reached XP level 5. HP: 31/31 MP: 7/7
  1787 | D:2      | Noticed Terence
  1796 | D:2      | Killed Terence
  1797 | D:2      | Reached skill level 8 in Ranged Weapons
  2159 | D:3      | Found an opulent altar of Gozag.
  2217 | D:3      | Became a worshipper of Gozag Ym Sagoz the Greedy
  2301 | D:3      | Identified the +2 helmet "Hyz Ipla" {rPois Regen+ Dex+6}
  2393 | D:3      | Reached XP level 6. HP: 36/36 MP: 8/8
  2496 | D:3      | Identified the +1 robe of Byhuawn {Dex+7}
  2550 | D:3      | Identified the +3 dagger of Popular Demand {speed, *Noise
                  | rElec rN+ rCorr}
  2625 | D:3      | Reached skill level 1 in Armour
  2827 | D:4      | Noticed Dowan
  2829 | D:4      | Noticed Duvessa
  2836 | D:4      | Killed Duvessa
  2837 | D:4      | Reached skill level 9 in Ranged Weapons
  2847 | D:4      | Killed Dowan
  3287 | D:4      | Noticed a +0 falchion
  3288 | D:4      | Noticed a +0 spear
  3288 | D:4      | Noticed a +0 short sword
  3288 | D:4      | Noticed a +0 dagger
  3288 | D:4      | Noticed a +0 spear
  3288 | D:4      | Noticed a +0 short sword
  3290 | D:4      | Noticed a +0 dagger
  3290 | D:4      | Noticed a +0 falchion
  3385 | D:4      | Found a hide-covered altar of Uskayaw.
  3617 | D:4      | Found a hazy altar of Hepliaklqana.
  3689 | D:5      | Entered Level 5 of the Dungeon
  3766 | D:5      | Reached XP level 7. HP: 41/41 MP: 9/9
  3797 | D:5      | Found a staircase to the Ecumenical Temple.
  3817 | D:5      | Reached skill level 10 in Ranged Weapons
  4050 | D:5      | Noticed Edmund
  4078 | D:5      | Killed Edmund
  4079 | D:5      | Reached skill level 11 in Ranged Weapons
  4079 | D:5      | Reached XP level 8. HP: 17/46 MP: 10/10
  4651 | D:6      | Reached skill level 12 in Ranged Weapons
  4883 | D:7      | Reached skill level 13 in Ranged Weapons
  5065 | D:7      | Found Gemoho's Book Shop.
  5092 | D:7      | Found a glowing golden altar of the Shining One.
  5094 | D:7      | Found a shadowy altar of Dithmenos.
  5195 | D:7      | Found Lulunwum's Jewellery Shoppe.
  5232 | D:7      | Found a bloodstained altar of Trog.
  5237 | D:7      | Reached XP level 9. HP: 52/52 MP: 11/11
  5280 | D:7      | Found a shimmering altar of Xom.
  5329 | D:7      | Found a sacrificial altar of Ru.
  5329 | D:7      | Found a glowing silver altar of Zin.
  5329 | D:7      | Found a broken altar of Ashenzari.
  5371 | D:7      | Found Tapleot's Armour Shoppe.
  5377 | D:7      | Bought the +1 pair of boots "Zong" {Stlth+} for 270 gold
                  | pieces
  5571 | D:8      | Found a flagged portal.
  5609 | D:8      | Found a staircase to the Lair.
  5610 | D:8      | Noticed a komodo dragon
  5636 | D:8      | Slain by a komodo dragon

Illustrated notes

Levels and vault maps discovered:
D:1:      minmay_arrival_arboretum_small, layout_basic,
          hellmonk_ecumenical_altar_blasted
D:2:      layout_basic, kennysheep_generic_room_11, uniq_terence
D:3:      layout_basic, grunt_gozag_statues, grunt_decor_resistance,
          chequers_serial_rivers_marsh
D:4:      layout_loops_corners, nzn_hepliaklqana_mist_gate,
          nicolae_uskayaw_en_pointe, uniq_duvessa
D:5:      layout_cave_pods, minmay_temple_entry_ruins, serial_column_ruins,
          column_ruins_hut, column_ruins_hut, column_ruins_grid_1,
          column_ruins_grid_3, column_ruins_open_small,
          column_ruins_corridor_corner, uniq_edmund
D:6:      layout_basic, dreamdust_princess_bridge, uniq_menkaure
D:7:      layout_loops_cross, minitemple, trog_ov_bears_minmay,
          lemuel_doored_altar, gammafunk_temple_overflow_claw, serial_shops,
          shop, shop_statue, shop_statue, chequers_garden,
          hangedman_decor_lopped, minmay_misc_feat_nine_boxes
D:8:      layout_cave_pods, david_lair_shrubbed, enter_bailey_5,
          gammafunk_ghost_ooze, nicolae_two_hexagons, hex_tiny,
          nicolae_eternal_life

Skill      XL: |  1  2  3  4  5  6  7  8 |
---------------+-------------------------+-----
Ranged Weapons | 6 7 8 9 11 13 | 13.6
Fighting       | 2 3 4 |  4.9
Dodging        | 3 |  3.9
Armour         | 1 2 |  2.6
Stealth        | 2 |  2.9

Action                   |  1- 3 |  4- 6 |  7- 9 || total
-------------------------+-------+-------+-------++-------
 Fire: Shortbow          |    80 |   188 |   250 ||   518
  Use: Scroll            |     1 |     2 |     1 ||     4
Armor: Leather armour    |    25 |     9 |    27 ||    61
Dodge: Dodged            |    53 |    34 |    80 ||   167
